TOP OF THE 1ST |
Penquannock Overrated Jeter batting - Pitching for Butler White Sox : RHP Scott King
|
Pitching: RHP Scott King
|
|
Batting: SHB Martin Goodwin
|
0-0: Fly out, F8 (Flyball, 8LXD)
|
Batting: LHB Francisco Medina
|
0-0: Ball 1-0: Ball 2-0: Foul Ball, location: 2F 2-1: Swinging Strike 2-2: Strikes out looking
|
Batting: RHB Gary Wyatt
|
0-0: Called Strike 0-1: Swinging Strike 0-2: Fly out, F8 (Flyball, 8LS)
|
Top of the 1st over - 0 runs, 0 hits, 0 errors, 0 left on base; Penquannock 0 - Butler 0 |
BOTTOM OF THE 1ST |
Butler White Sox batting - Pitching for Penquannock Overrated Jeter : RHP Leonard Christensen
|
Pitching: RHP Leonard Christensen
|
|
Batting: RHB Luis Fuentes
|
0-0: Ground out 5-3 (Groundball, 56S)
|
Batting: LHB Sam Haynes
|
0-0: Ball 1-0: Foul Ball, location: 2F 1-1: Called Strike 1-2: Strikes out swinging
|
Batting: SHB Ben Marks
|
0-0: Foul Ball, location: 2F 0-1: Ball 1-1: Ball 2-1: Fly out, F7 (Flyball, 7LDF)
|
Bottom of the 1st over - 0 runs, 0 hits, 0 errors, 0 left on base; Penquannock 0 - Butler 0 |
TOP OF THE 2ND |
Penquannock Overrated Jeter batting - Pitching for Butler White Sox : RHP Scott King
|
Batting: LHB Eric Powell
|
0-0: Ball 1-0: Swinging Strike 1-1: Foul Ball, location: 2F 1-2: Fly out, F6 (Popup, 6)
|
Batting: SHB Cristián López
|
0-0: Foul Ball, location: 2F 0-1: Foul Ball, location: 2F 0-2: Foul Ball, location: 2F 0-2: Strikes out swinging
|
Batting: RHB Manny Perea
|
0-0: Called Strike 0-1: Ball 1-1: Swinging Strike 1-2: Foul Ball, location: 2F 1-2: Strikes out looking
|
Top of the 2nd over - 0 runs, 0 hits, 0 errors, 0 left on base; Penquannock 0 - Butler 0 |
BOTTOM OF THE 2ND |
Butler White Sox batting - Pitching for Penquannock Overrated Jeter : RHP Leonard Christensen
|
Batting: LHB Jim Knight
|
0-0: Ball 1-0: Called Strike 1-1: Ball 2-1: Ball 3-1: DOUBLE (Flyball, 8LXD)
|
Batting: LHB Josh Pérez
|
0-0: Ball 1-0: Called Strike 1-1: Foul Ball, location: 2F 1-2: Strikes out swinging
|
Batting: SHB Giel Molendijk
|
0-0: Ball 1-0: Ground out 4-3 (Groundball, 4) Jim Knight to third
|
Batting: RHB Ángel Serrano
|
0-0: Called Strike 0-1: Ball 1-1: DOUBLE (Line Drive, 89D) Jim Knight scores
|
Batting: RHB Jerry Moore
|
0-0: Called Strike 0-1: Ball 1-1: Fly out, F4 (Flyball, 4MD)
|
Bottom of the 2nd over - 1 run, 2 hits, 0 errors, 1 left on base; Penquannock 0 - Butler 1 |
TOP OF THE 3RD |
Penquannock Overrated Jeter batting - Pitching for Butler White Sox : RHP Scott King
|
Batting: LHB José Morales
|
0-0: Ball 1-0: Ball 2-0: Ball 3-0: Called Strike 3-1: Ground out 4-3 (Groundball, 34)
|
Batting: RHB Phil Wright
|
0-0: Called Strike 0-1: DOUBLE (Line Drive, 9LM)
|
Batting: LHB Matt Reese
|
0-0: Called Strike 0-1: Ball 1-1: Foul Ball, location: 2F 1-2: Strikes out swinging
|
Batting: SHB Martin Goodwin
|
0-0: Called Strike 0-1: Ball 1-1: SINGLE (Flyball, 8RS) Phil Wright to third Runner from 3rd tries for Home, SAFE, no throw
|
Batting: LHB Francisco Medina
|
0-0: Ground out U3 (Groundball, 3)
|
Top of the 3rd over - 1 run, 2 hits, 0 errors, 1 left on base; Penquannock 1 - Butler 1 |
BOTTOM OF THE 3RD |
Butler White Sox batting - Pitching for Penquannock Overrated Jeter : RHP Leonard Christensen
|
Batting: LHB Denny Allen
|
0-0: Foul Ball, location: 2F 0-1: Ball 1-1: SINGLE (Line Drive, 6MD)
|
Batting: RHB Luis Fuentes
|
0-0: Ball 1-0: Foul Ball, location: 2F 1-1: Ball 2-1: Ball 3-1: Called Strike 3-2: Foul Ball, location: 2F 3-2: Strikes out looking Denny Allen is caught stealing 2nd base Batter strikes out.
|
Batting: LHB Sam Haynes
|
0-0: Ball 1-0: Ground out U3 (Groundball, 34S)
|
Bottom of the 3rd over - 0 runs, 1 hit, 0 errors, 0 left on base; Penquannock 1 - Butler 1 |
TOP OF THE 4TH |
Penquannock Overrated Jeter batting - Pitching for Butler White Sox : RHP Scott King
|
Batting: RHB Gary Wyatt
|
0-0: Called Strike 0-1: Foul Ball, location: 2F 0-2: Ball 1-2: Ball 2-2: Ball 3-2: SINGLE (Groundball, 15) (infield hit)
|
Batting: LHB Eric Powell
|
0-0: Called Strike 0-1: Swinging Strike 0-2: Foul Ball, location: 2F 0-2: Fly out, F8 (Line Drive, 8RD)
|
Batting: SHB Cristián López
|
0-0: Ball 1-0: Swinging Strike 1-1: Ball 2-1: Foul Ball, location: 2F 2-2: Strikes out looking
|
Batting: RHB Manny Perea
|
0-0: Called Strike 0-1: Ball 1-1: Ball 2-1: Called Strike 2-2: Fly out, F8 (Flyball, 8LS)
|
Top of the 4th over - 0 runs, 1 hit, 0 errors, 1 left on base; Penquannock 1 - Butler 1 |
BOTTOM OF THE 4TH |
Butler White Sox batting - Pitching for Penquannock Overrated Jeter : RHP Leonard Christensen
|
Batting: SHB Ben Marks
|
0-0: Ball 1-0: Called Strike 1-1: Called Strike 1-2: Strikes out swinging
|
Batting: LHB Jim Knight
|
0-0: Ball 1-0: Ball 2-0: SINGLE (Groundball, 34D)
|
Batting: LHB Josh Pérez
|
0-0: Ball 1-0: Ball 2-0: Called Strike 2-1: Foul Ball, location: 2F 2-2: Ball 3-2: Fly out, F3 (Line Drive, 34S)
|
Batting: SHB Giel Molendijk
|
0-0: Ball 1-0: Called Strike 1-1: Foul Ball, location: 2F 1-2: Ball 2-2: Ball Wild Pitch! Jim Knight to second 3-2: SINGLE (Groundball, 5D) Jim Knight to third Jim Knight scores
|
Batting: RHB Ángel Serrano
|
0-0: Ball 1-0: DOUBLE (Groundball, 5L) Giel Molendijk to third
|
Batting: RHB Jerry Moore
|
0-0: Ball 1-0: Called Strike 1-1: Foul Ball, location: 2F 1-2: Ball 2-2: Foul Ball, location: 2F 2-2: Foul Ball, location: 2F 2-2: Ball 3-2: Foul Ball, location: 2F 3-2: Foul Ball, location: 2F 3-2: Base on Balls
|
Pitching: RHP Gilbert Bright
|
|
Batting: LHB Denny Allen
|
0-0: Called Strike 0-1: Called Strike 0-2: Fly out, F6 (Flyball, 6D)
|
Bottom of the 4th over - 1 run, 3 hits, 0 errors, 3 left on base; Penquannock 1 - Butler 2 |
TOP OF THE 5TH |
Penquannock Overrated Jeter batting - Pitching for Butler White Sox : RHP Scott King
|
Batting: LHB José Morales
|
0-0: Called Strike 0-1: Ball 1-1: Ball 2-1: Reached on error, E3 (Groundball, 34S)
|
Batting: RHB Phil Wright
|
0-0: Ball 1-0: Grounds into double play, 6-4-3 (Groundball, 6)
|
Batting: LHB Matt Reese
|
0-0: Ball 1-0: Called Strike 1-1: Called Strike 1-2: Ball 2-2: Ball 3-2: Foul Ball, location: 2F 3-2: Strikes out swinging
|
Top of the 5th over - 0 runs, 0 hits, 1 error, 0 left on base; Penquannock 1 - Butler 2 |
BOTTOM OF THE 5TH |
Butler White Sox batting - Pitching for Penquannock Overrated Jeter : RHP Gilbert Bright
|
Batting: RHB Luis Fuentes
|
0-0: DOUBLE (Line Drive, 78D)
|
Batting: LHB Sam Haynes
|
0-0: Ball Luis Fuentes is caught stealing 3rd base 1-0: Foul Ball, location: 2F 1-1: Foul Ball, location: 2F 1-2: Ball 2-2: Foul Ball, location: 2F 2-2: Strikes out looking
|
Batting: SHB Ben Marks
|
0-0: Ball 1-0: Ground out 4-3 (Groundball, 4)
|
Bottom of the 5th over - 0 runs, 1 hit, 0 errors, 0 left on base; Penquannock 1 - Butler 2 |
TOP OF THE 6TH |
Penquannock Overrated Jeter batting - Pitching for Butler White Sox : RHP Scott King
|
Batting: SHB Martin Goodwin
|
0-0: Called Strike 0-1: Ball 1-1: Fly out, F7 (Flyball, 7LS)
|
Batting: LHB Francisco Medina
|
0-0: Called Strike 0-1: Fly out, F7 (Line Drive, 78M)
|
Batting: RHB Gary Wyatt
|
0-0: Called Strike 0-1: Foul Ball, location: 2F 0-2: Ball 1-2: SINGLE (Line Drive, 78M)
|
Batting: LHB Eric Powell
|
0-0: Foul Ball, location: 2F 0-1: Ball Gary Wyatt steals 2nd base 1-1: Ground out 4-3 (Groundball, 4)
|
Top of the 6th over - 0 runs, 1 hit, 0 errors, 1 left on base; Penquannock 1 - Butler 2 |
BOTTOM OF THE 6TH |
Butler White Sox batting - Pitching for Penquannock Overrated Jeter : RHP Gilbert Bright
|
Batting: LHB Jim Knight
|
0-0: Called Strike 0-1: Ball 1-1: Swinging Strike 1-2: Foul Ball, location: 2F 1-2: Strikes out looking
|
Batting: LHB Josh Pérez
|
0-0: Called Strike 0-1: Ball 1-1: Ball 2-1: Called Strike 2-2: Foul Ball, location: 2F 2-2: Foul Ball, location: 2F 2-2: Foul Ball, location: 2F 2-2: Strikes out swinging
|
Batting: SHB Giel Molendijk
|
0-0: Called Strike 0-1: Ground out 4-3 (Groundball, 4)
|
Bottom of the 6th over - 0 runs, 0 hits, 0 errors, 0 left on base; Penquannock 1 - Butler 2 |
TOP OF THE 7TH |
Penquannock Overrated Jeter batting - Pitching for Butler White Sox : RHP Scott King
|
Batting: SHB Cristián López
|
0-0: Ball 1-0: Called Strike 1-1: Ball 2-1: SINGLE (Line Drive, 34D)
|
Batting: RHB Manny Perea
|
0-0: Ball 1-0: Ball 2-0: Called Strike 2-1: Ground out 6-3 (Groundball, 6S) Cristián López to second
|
Batting: LHB José Morales
|
0-0: Ball 1-0: Foul Ball, location: 2F 1-1: Ball 2-1: Ball 3-1: Base on Balls
|
Batting: RHB Phil Wright
|
0-0: Swinging Strike 0-1: Ball 1-1: Ball 2-1: Called Strike 2-2: Single, Error in OF, E8, batter to second base Cristián López scores José Morales to third
|
Pitching: LHP Francisco Ramírez
|
|
Batting: LHB Matt Reese
|
0-0: Called Strike 0-1: Called Strike 0-2: Ball 1-2: Ball 2-2: Ball 3-2: Strikes out swinging
|
Batting: SHB Martin Goodwin
|
0-0: Swinging Strike 0-1: Ground out 4-3 (Groundball, 34)
|
Top of the 7th over - 1 run, 2 hits, 1 error, 2 left on base; Penquannock 2 - Butler 2 |
BOTTOM OF THE 7TH |
Butler White Sox batting - Pitching for Penquannock Overrated Jeter : RHP Gilbert Bright
|
Batting: RHB Ángel Serrano
|
0-0: Ball 1-0: Ground out 1-3 (Groundball, 15)
|
Batting: RHB Jerry Moore
|
0-0: Swinging Strike 0-1: Called Strike 0-2: Ball 1-2: Strikes out looking
|
Batting: LHB Denny Allen
|
0-0: Foul Ball, location: 2F 0-1: Ball 1-1: Swinging Strike 1-2: Strikes out swinging
|
Bottom of the 7th over - 0 runs, 0 hits, 0 errors, 0 left on base; Penquannock 2 - Butler 2 |
TOP OF THE 8TH |
Penquannock Overrated Jeter batting - Pitching for Butler White Sox : LHP Francisco Ramírez
|
Batting: LHB Francisco Medina
|
0-0: Swinging Strike 0-1: Foul Ball, location: 2F 0-2: Ball 1-2: Foul Ball, location: 2F 1-2: Ball 2-2: Strikes out swinging
|
Batting: RHB Gary Wyatt
|
0-0: Ball 1-0: Fly out, F8 (Flyball, 8RD)
|
Batting: LHB Eric Powell
|
0-0: Called Strike 0-1: Ground out 4-3 (Groundball, 4M)
|
Top of the 8th over - 0 runs, 0 hits, 0 errors, 0 left on base; Penquannock 2 - Butler 2 |
BOTTOM OF THE 8TH |
Butler White Sox batting - Pitching for Penquannock Overrated Jeter : RHP Gilbert Bright
|
Pinch Hitting: LHB Thomas Dixon
|
0-0: Ball 1-0: Foul Ball, location: 2F 1-1: Called Strike 1-2: Ball 2-2: Fly out, F8 (Flyball, 8RM)
|
Pinch Hitting: SHB Pedro Martínez
|
0-0: Called Strike 0-1: Swinging Strike 0-2: Foul Ball, location: 2F 0-2: Foul Ball, location: 2F 0-2: Foul Ball, location: 2F 0-2: Ball 1-2: Strikes out looking
|
Batting: SHB Ben Marks
|
0-0: SINGLE (Line Drive, 89S)
|
Batting: LHB Jim Knight
|
0-0: Called Strike 0-1: Ball 1-1: Swinging Strike 1-2: Strikes out swinging
|
Bottom of the 8th over - 0 runs, 1 hit, 0 errors, 1 left on base; Penquannock 2 - Butler 2 |
TOP OF THE 9TH |
Penquannock Overrated Jeter batting - Pitching for Butler White Sox : LHP Francisco Ramírez
|
Pitching: RHP Wilson Yoxall
|
|
Now at SS: Thomas Dixon
|
|
Now in RF: Pedro Martínez
|
|
Batting: SHB Cristián López
|
0-0: Called Strike 0-1: Foul Ball, location: 2F 0-2: Ball 1-2: Ground out 4-3 (Groundball, 4)
|
Batting: RHB Manny Perea
|
0-0: Fly out, F7 (Flyball, 7S)
|
Batting: LHB José Morales
|
0-0: Ball 1-0: Called Strike 1-1: Ball 2-1: Ball 3-1: Swinging Strike 3-2: Foul Ball, location: 2F 3-2: Strikes out swinging
|
Top of the 9th over - 0 runs, 0 hits, 0 errors, 0 left on base; Penquannock 2 - Butler 2 |
BOTTOM OF THE 9TH |
Butler White Sox batting - Pitching for Penquannock Overrated Jeter : RHP Gilbert Bright
|
Batting: LHB Josh Pérez
|
0-0: Ball 1-0: Foul Ball, location: 2F 1-1: Ball 2-1: Ball 3-1: Base on Balls
|
Batting: SHB Giel Molendijk
|
0-0: Called Strike Josh Pérez steals 2nd base 0-1: Ground out 4-3 (Groundball, 4) Josh Pérez to third
|
Batting: RHB Ángel Serrano
|
0-0: Intentional Walk
|
Batting: RHB Jerry Moore
|
0-0: Called Strike 0-1: Foul Ball, location: 2F 0-2: Ball 1-2: Foul Ball, location: 2F 1-2: Ball 2-2: Foul Ball, location: 2F 2-2: Fly out, F4 (Popup, 4)
|
Batting: LHB Denny Allen
|
0-0: Swinging Strike 0-1: Ball 1-1: Foul Ball, location: 2F 1-2: Ball 2-2: Ball 3-2: Strikes out looking
|
Bottom of the 9th over - 0 runs, 0 hits, 0 errors, 2 left on base; Penquannock 2 - Butler 2 |
TOP OF THE 10TH |
Penquannock Overrated Jeter batting - Pitching for Butler White Sox : RHP Wilson Yoxall
|
Batting: RHB Phil Wright
|
0-0: Called Strike 0-1: Swinging Strike 0-2: Strikes out swinging
|
Batting: LHB Matt Reese
|
0-0: Ball 1-0: Foul Ball, location: 2F 1-1: Foul Ball, location: 2F 1-2: Strikes out swinging
|
Batting: SHB Martin Goodwin
|
0-0: Called Strike 0-1: Ball 1-1: Hit by Pitch
|
Batting: LHB Francisco Medina
|
0-0: Fly out, F8 (Flyball, 8RS)
|
Top of the 10th over - 0 runs, 0 hits, 0 errors, 1 left on base; Penquannock 2 - Butler 2 |
BOTTOM OF THE 10TH |
Butler White Sox batting - Pitching for Penquannock Overrated Jeter : RHP Gilbert Bright
|
Batting: LHB Thomas Dixon
|
0-0: Ball 1-0: Ball 2-0: Ball 3-0: Base on Balls
|
Batting: SHB Pedro Martínez
|
0-0: Ball 1-0: Sac Bunt - play at second, runner safe!
|
Batting: SHB Ben Marks
|
0-0: Ball 1-0: Swinging Strike 1-1: SINGLE (Line Drive, 5D) Thomas Dixon to third Pedro Martínez to second Runner from 3rd tries for Home, SAFE, no throw
|
Saturday, April 7th, 2018 - OOTP Baseball 18.8 Build 76
|
|